General information
			
			
        
        - name: BNet
 
        - type: Ladder team game (AT/RT)
 
        - host: Battle.net
 
        - saver: bLinn
 
        
map: RiverOfSouls 
        - players: 6
 
        - length: 49:17
 
        - speed: Fast
 - version: 1.22 W3XP
 - replay type:  

 
» download(394 KB)
Players
        team 1 (loser) 
              
              
» 
COMBO-BREAKER (
blue | 90 APM | 4445 actions | 49:15)
              
 4 Blademaster 
 2 Wind Walk
 2 Critical Strike
 
                » actions 
                
                | Assign group hotkey | 78 |  | 
| Basic commands | 180 |  | 
| Build / train | 103 |  | 
| ESC pressed | 7 |  | 
| Enter build submenu | 17 |  | 
| Enter hero's abilities submenu | 4 |  | 
| Remove unit from queue | 1 |  | 
| Right click | 2187 |  | 
| Select / deselect | 627 |  | 
| Select group hotkey | 1060 |  | 
| Use ability | 180 |  | 
                4445 total
 » units 
                
                | Peon | 13 |  | 
| Grunt | 6 |  | 
| Demolisher | 9 |  | 
| Troll Batrider | 21 |  | 
| Shaman | 5 |  | 
| Troll Headhunter/Berserker | 3 |  | 
                57 total
 » upgrades
                
                | Ranged Weapons | 2 |  | 
| Armor | 1 |  | 
| Shaman Training | 2 |  | 
| Liquid Fire | 1 |  | 
                6 total
 » buildings
                
                | Altar of Storms | 2 |  | 
| Orc Burrow | 5 |  | 
| Voodoo Lounge | 1 |  | 
| Barracks | 2 |  | 
| Stronghold | 2 |  | 
| War Mill | 1 |  | 
| Spirit Lodge | 1 |  | 
| Beastiary | 3 |  | 
| Fortress | 2 |  | 
| Great Hall | 1 |  | 
                20 total
 » build order
                00:07 Altar of Storms
00:12 Orc Burrow
00:35 Voodoo Lounge
01:30 Barracks
01:46 Orc Burrow
03:53 Stronghold
03:56 Orc Burrow
04:22 War Mill
04:59 Barracks
06:54 Orc Burrow
08:28 Orc Burrow
08:31 Spirit Lodge
10:27 Beastiary
10:29 Beastiary
10:35 Beastiary
12:15 Fortress
12:15 Fortress
24:32 Altar of Storms
25:11 Great Hall
» items
                
                | Healing Salve | 5 |  | 
| Lesser Clarity Potion | 6 |  | 
| Orb of Lightning | 4 |  | 
| Tiny Great Hall | 1 |  | 
| Scroll of Town Portal | 1 |  | 
                17 total
  
               
              
              
iprayfordisc (
yellow | 101 APM | 4484 actions | 44:17)
              
 4 Mountain King 
 2 Storm Bolt
 2 Thunder Clap
 4 Paladin 
 2 Holy Light
 2 Divine Shield
 
                » actions 
                
                | Assign group hotkey | 73 |  | 
| Basic commands | 68 |  | 
| Build / train | 104 |  | 
| Enter build submenu | 17 |  | 
| Enter hero's abilities submenu | 8 |  | 
| Right click | 2440 |  | 
| Select / deselect | 635 |  | 
| Select group hotkey | 1006 |  | 
| Use ability | 133 |  | 
                4484 total
 » units 
                
                | Peasant | 14 |  | 
| Mortar Team | 5 |  | 
| Flying Machine | 40 |  | 
| Siege Engine | 3 |  | 
                62 total
 » upgrades
                
                | Gunpowder | 1 |  | 
| Armor | 1 |  | 
| Lumber Harvesting | 1 |  | 
| Fragmentation Shards | 1 |  | 
| Flare | 1 |  | 
| Flak Cannons | 1 |  | 
| Flying Machine Bombs | 1 |  | 
| Barrage | 1 |  | 
                8 total
 » buildings
                
                | Altar of Kings | 1 |  | 
| Lumber Mill | 1 |  | 
| Farm | 11 |  | 
| Blacksmith | 1 |  | 
| Keep | 4 |  | 
| Arcane Vault | 1 |  | 
| Workshop | 2 |  | 
| Castle | 1 |  | 
| Town Hall | 1 |  | 
                23 total
 » build order
                00:09 Altar of Kings
00:23 Lumber Mill
00:37 Farm
01:33 Farm
01:39 Blacksmith
02:20 Keep
02:21 Keep
03:11 Arcane Vault
04:38 Farm
04:39 Farm
04:41 Farm
04:42 Farm
05:20 Workshop
05:22 Castle
05:58 Workshop
10:44 Farm
10:46 Farm
10:48 Farm
19:14 Farm
19:16 Farm
20:57 Town Hall
» items
                
                | Boots of Speed | 1 |  | 
| Staff of Teleportation | 1 |  | 
| Scroll of Regeneration | 6 |  | 
| Lesser Clarity Potion | 8 |  | 
| Scroll of Town Portal | 2 |  | 
| Potion of Healing | 1 |  | 
                19 total
  
               
              
              
Merculore (
green | 89 APM | 3908 actions | 44:07)
              
 7 Blademaster 
 3 Wind Walk
 3 Critical Strike
 1 Bladestorm
 
                » actions 
                
                | Assign group hotkey | 119 |  | 
| Basic commands | 162 |  | 
| Build / train | 120 |  | 
| ESC pressed | 3 |  | 
| Enter build submenu | 50 |  | 
| Enter hero's abilities submenu | 7 |  | 
| Give item / drop item | 1 |  | 
| Remove unit from queue | 11 |  | 
| Right click | 1761 |  | 
| Select / deselect | 483 |  | 
| Select group hotkey | 1032 |  | 
| Use ability | 159 |  | 
                3908 total
 » units 
                
                | Peon | 17 |  | 
| Grunt | 5 |  | 
| Troll Headhunter/Berserker | 21 |  | 
| Demolisher | 10 |  | 
| Wind Rider | 14 |  | 
                67 total
 » upgrades
                
                | Armor | 2 |  | 
| Ranged Weapons | 3 |  | 
| Berserker Upgrade | 1 |  | 
| Reinforced Defenses | 1 |  | 
| Troll Regeneration | 1 |  | 
| Burning Oil | 1 |  | 
| Envenomed Spears | 1 |  | 
                10 total
 » buildings
                
                | Barracks | 2 |  | 
| Orc Burrow | 7 |  | 
| Altar of Storms | 1 |  | 
| War Mill | 1 |  | 
| Stronghold | 1 |  | 
| Voodoo Lounge | 2 |  | 
| Fortress | 1 |  | 
| Great Hall | 4 |  | 
| Watch Tower | 22 |  | 
| Beastiary | 4 |  | 
                45 total
 » build order
                00:33 Barracks
00:48 Orc Burrow
00:54 Altar of Storms
01:19 Orc Burrow
02:03 War Mill
02:37 Barracks
03:33 Stronghold
04:01 Orc Burrow
04:15 Voodoo Lounge
06:54 Orc Burrow
09:09 Orc Burrow
10:32 Fortress
10:57 Great Hall
12:05 Watch Tower
12:14 Watch Tower
15:46 Orc Burrow
15:51 Watch Tower
15:55 Watch Tower
15:57 Watch Tower
15:59 Watch Tower
16:03 Watch Tower
18:37 Voodoo Lounge
19:03 Great Hall
19:45 Watch Tower
21:01 Watch Tower
21:12 Orc Burrow
24:55 Great Hall
26:30 Watch Tower
26:31 Watch Tower
26:42 Watch Tower
26:44 Watch Tower
26:47 Watch Tower
27:57 Watch Tower
27:58 Watch Tower
27:59 Watch Tower
28:16 Watch Tower
28:35 Watch Tower
28:37 Watch Tower
28:40 Watch Tower
28:42 Watch Tower
30:58 Great Hall
31:56 Beastiary
32:11 Beastiary
32:13 Beastiary
32:15 Beastiary
» items
                
                | Healing Salve | 2 |  | 
| Scroll of Speed | 4 |  | 
| Lesser Clarity Potion | 7 |  | 
| Potion of Mana | 2 |  | 
| Potion of Healing | 6 |  | 
| Orb of Lightning | 1 |  | 
                22 total
  
               team 2 (winner) 
              
              
bLinn (
pink | 102 APM | 5039 actions | 49:17)
              
 8 Blademaster 
 3 Wind Walk
 3 Critical Strike
 1 Bladestorm
 1 Mirror Image
 
                » actions 
                
                | Assign group hotkey | 389 |  | 
| Basic commands | 30 |  | 
| Build / train | 49 |  | 
| ESC pressed | 29 |  | 
| Enter build submenu | 58 |  | 
| Enter hero's abilities submenu | 8 |  | 
| Give item / drop item | 2 |  | 
| Remove unit from queue | 2 |  | 
| Right click | 3691 |  | 
| Select / deselect | 390 |  | 
| Select group hotkey | 125 |  | 
| Use ability | 262 |  | 
                5039 total
 » units 
                » buildings
                
                | Altar of Storms | 2 |  | 
| Orc Burrow | 3 |  | 
| War Mill | 2 |  | 
| Watch Tower | 41 |  | 
| Voodoo Lounge | 2 |  | 
| Stronghold | 5 |  | 
| Fortress | 3 |  | 
| Beastiary | 2 |  | 
| Great Hall | 1 |  | 
                61 total
 » build order
                00:02 Altar of Storms
00:11 Orc Burrow
00:26 War Mill
01:41 Watch Tower
01:54 Watch Tower
02:12 Orc Burrow
02:25 Voodoo Lounge
02:38 Watch Tower
02:51 Watch Tower
02:56 Watch Tower
03:36 Watch Tower
03:50 Watch Tower
04:15 Watch Tower
04:17 Watch Tower
04:40 Stronghold
04:40 Stronghold
04:40 Stronghold
04:41 Stronghold
05:07 Watch Tower
05:08 Watch Tower
05:14 Watch Tower
05:18 Watch Tower
05:23 Watch Tower
05:27 Voodoo Lounge
05:41 Watch Tower
05:45 Watch Tower
06:20 Watch Tower
06:33 Watch Tower
06:51 Watch Tower
06:57 Watch Tower
07:03 Watch Tower
07:09 Fortress
07:09 Fortress
07:09 Fortress
07:11 Beastiary
07:18 Beastiary
07:26 Watch Tower
07:38 Watch Tower
08:07 Watch Tower
08:08 Watch Tower
08:09 Watch Tower
08:26 Watch Tower
08:33 Watch Tower
08:50 Watch Tower
08:51 Watch Tower
08:57 Watch Tower
08:58 Watch Tower
09:01 Watch Tower
09:09 Watch Tower
09:11 Watch Tower
09:36 Watch Tower
09:52 Watch Tower
09:54 Watch Tower
09:55 Watch Tower
10:27 Watch Tower
10:39 Watch Tower
13:36 War Mill
14:53 Great Hall
17:51 Altar of Storms
18:20 Orc Burrow
» items
                
                | Healing Salve | 1 |  | 
| Lesser Clarity Potion | 2 |  | 
| Scroll of Speed | 1 |  | 
| Boots of Speed | 1 |  | 
| Staff of Teleportation | 1 |  | 
| Orb of Lightning | 1 |  | 
| Scroll of Regeneration | 1 |  | 
| Potion of Healing | 1 |  | 
| Scroll of Town Portal | 1 |  | 
| Potion of Lesser Invulnerability | 1 |  | 
                11 total
  
               
              
              
FriendlyTyler (
red | 144 APM | 7094 actions | 49:16)
              
 6 Mountain King 
 3 Storm Bolt
 2 Bash
 1 Avatar
 6 Paladin 
 3 Holy Light
 3 Divine Shield
 
                » actions 
                
                | Assign group hotkey | 21 |  | 
| Basic commands | 31 |  | 
| Build / train | 122 |  | 
| Enter build submenu | 77 |  | 
| Enter hero's abilities submenu | 13 |  | 
| Give item / drop item | 3 |  | 
| Remove unit from queue | 2 |  | 
| Right click | 3885 |  | 
| Select / deselect | 766 |  | 
| Select group hotkey | 1917 |  | 
| Use ability | 256 |  | 
                7094 total
 » units 
                
                | Peasant | 12 |  | 
| Gryphon Rider | 9 |  | 
| Priest | 3 |  | 
                24 total
 » upgrades
                
                | Masonry | 3 |  | 
| Lumber Harvesting | 1 |  | 
| Magic Sentry | 1 |  | 
| Swords | 3 |  | 
| Armor | 3 |  | 
| Animal War Training | 1 |  | 
| Storm Hammers | 1 |  | 
                13 total
 » buildings
                
                | Altar of Kings | 2 |  | 
| Farm | 18 |  | 
| Scout Tower | 62 |  | 
| Lumber Mill | 3 |  | 
| Arcane Tower | 8 |  | 
| Guard Tower | 33 |  | 
| Keep | 2 |  | 
| Arcane Sanctum | 1 |  | 
| Gryphon Aviary | 3 |  | 
| Blacksmith | 1 |  | 
| Castle | 1 |  | 
| Arcane Vault | 3 |  | 
| Barracks | 1 |  | 
                138 total
 » build order
                00:08 Altar of Kings
00:27 Farm
00:52 Scout Tower
00:56 Lumber Mill
00:58 Lumber Mill
01:00 Lumber Mill
01:24 Arcane Tower
01:28 Scout Tower
01:44 Farm
02:01 Guard Tower
02:01 Guard Tower
02:01 Guard Tower
02:05 Scout Tower
02:07 Scout Tower
02:43 Guard Tower
02:44 Scout Tower
03:24 Guard Tower
03:26 Scout Tower
03:28 Scout Tower
03:29 Scout Tower
03:46 Scout Tower
03:46 Keep
03:47 Keep
03:51 Scout Tower
03:56 Guard Tower
03:57 Scout Tower
04:01 Scout Tower
04:02 Guard Tower
04:04 Scout Tower
04:23 Arcane Tower
04:25 Scout Tower
04:27 Scout Tower
04:32 Guard Tower
05:05 Scout Tower
05:09 Guard Tower
05:11 Scout Tower
05:13 Scout Tower
05:22 Guard Tower
05:26 Scout Tower
05:27 Farm
05:33 Guard Tower
05:35 Scout Tower
05:36 Scout Tower
05:48 Guard Tower
05:52 Scout Tower
06:19 Scout Tower
06:20 Scout Tower
06:20 Scout Tower
06:22 Scout Tower
06:22 Scout Tower
06:23 Scout Tower
06:24 Scout Tower
06:26 Guard Tower
06:28 Arcane Tower
06:29 Guard Tower
06:30 Scout Tower
06:34 Guard Tower
06:52 Arcane Sanctum
06:59 Farm
07:24 Scout Tower
07:25 Scout Tower
07:26 Scout Tower
07:27 Scout Tower
07:28 Scout Tower
07:49 Guard Tower
08:41 Guard Tower
09:19 Gryphon Aviary
09:22 Gryphon Aviary
09:25 Blacksmith
09:27 Castle
09:35 Gryphon Aviary
09:38 Farm
09:40 Farm
09:41 Farm
09:41 Farm
09:42 Farm
09:42 Farm
10:12 Arcane Tower
10:13 Guard Tower
10:13 Guard Tower
10:14 Guard Tower
10:19 Scout Tower
10:19 Scout Tower
10:20 Scout Tower
10:27 Scout Tower
10:28 Scout Tower
10:29 Scout Tower
10:38 Arcane Vault
10:59 Guard Tower
11:11 Barracks
12:00 Guard Tower
12:04 Farm
12:04 Farm
12:22 Farm
12:23 Farm
12:33 Guard Tower
12:35 Scout Tower
12:36 Scout Tower
12:37 Scout Tower
13:15 Arcane Vault
14:32 Guard Tower
16:24 Farm
16:25 Farm
16:26 Farm
16:29 Guard Tower
18:26 Farm
20:47 Scout Tower
20:48 Scout Tower
20:49 Scout Tower
20:50 Scout Tower
22:34 Guard Tower
25:32 Altar of Kings
26:58 Scout Tower
26:59 Scout Tower
27:00 Scout Tower
27:00 Scout Tower
27:31 Arcane Tower
27:59 Guard Tower
28:08 Arcane Vault
28:27 Guard Tower
29:22 Guard Tower
33:19 Scout Tower
33:20 Scout Tower
33:20 Scout Tower
34:19 Guard Tower
34:20 Guard Tower
39:25 Scout Tower
40:02 Scout Tower
40:03 Scout Tower
40:04 Scout Tower
40:30 Scout Tower
40:30 Scout Tower
40:31 Scout Tower
40:32 Arcane Tower
41:13 Guard Tower
43:28 Guard Tower
» items
                
                | Healing Salve | 1 |  | 
| Lesser Clarity Potion | 7 |  | 
| Boots of Speed | 3 |  | 
| Scroll of Regeneration | 4 |  | 
| Staff of Sanctuary | 2 |  | 
| Scroll of Town Portal | 2 |  | 
| Potion of Healing | 1 |  | 
                20 total
  
               
              
              
piano (
teal | 104 APM | 4779 actions | 46:02)
              
 7 Warden 
 3 Shadow Strike
 3 Blink
 1 Spirit of Vengeance
 
                » actions 
                
                | Assign group hotkey | 14 |  | 
| Basic commands | 30 |  | 
| Build / train | 77 |  | 
| ESC pressed | 3 |  | 
| Enter build submenu | 16 |  | 
| Enter hero's abilities submenu | 7 |  | 
| Give item / drop item | 1 |  | 
| Right click | 2688 |  | 
| Select / deselect | 540 |  | 
| Select group hotkey | 1261 |  | 
| Use ability | 138 |  | 
                4779 total
 » units 
                » upgrades
                
                | Ultravision | 1 |  | 
| Corrosive Breath | 1 |  | 
| Strength of the Wild | 3 |  | 
| Well Spring | 1 |  | 
| Reinforced Hides | 3 |  | 
| Nature's Blessing | 1 |  | 
                10 total
 » buildings
                
                | Altar of Elders | 1 |  | 
| Moon Well | 11 |  | 
| Tree of Life | 2 |  | 
| Hunter's Hall | 1 |  | 
| Tree of Ages | 1 |  | 
| Tree of Eternity | 1 |  | 
| Ancient of Wind | 1 |  | 
| Chimaera Roost | 3 |  | 
| Ancient Protector | 1 |  | 
                22 total
 » build order
                00:06 Altar of Elders
00:18 Moon Well
01:03 Moon Well
02:47 Tree of Life
03:40 Tree of Life
06:21 Hunter's Hall
06:34 Moon Well
07:23 Tree of Ages
10:29 Tree of Eternity
11:55 Ancient of Wind
12:16 Moon Well
12:18 Moon Well
12:19 Moon Well
12:21 Moon Well
12:25 Moon Well
12:27 Moon Well
12:28 Moon Well
12:29 Moon Well
13:11 Chimaera Roost
13:13 Chimaera Roost
13:16 Chimaera Roost
14:01 Ancient Protector
» items
                
                | Boots of Speed | 1 |  | 
| Staff of Teleportation | 1 |  | 
| Lesser Clarity Potion | 2 |  | 
| Scroll of Town Portal | 5 |  | 
| Orb of Fire | 1 |  | 
| Staff of Sanctuary | 1 |  | 
                11 total
  
                Chat log
          
(13:42 / All) COMBO-BREAKER: HOW'D THAT WORK OUT FOR YA
(13:44 / All) COMBO-BREAKER: OOPS CAPS
(14:01 / All) COMBO-BREAKER: OW
(31:30 / Allies) bLinn: we hafta kill that
(35:26 / All) bLinn: you guys ever read 4chan?
(37:59 / All) FriendlyTyler: hammer
(38:00 / All) FriendlyTyler: time
(38:03 / All) COMBO-BREAKER: stop
(40:28 / All) piano: gggggggg
(40:33 / All) COMBO-BREAKER: it was
(40:33 / All) bLinn: anyway you guys can leave now
(40:37 / All) bLinn: trash...
(40:39 / All) piano: yup
(40:42 / All) COMBO-BREAKER: how do we leeve
(40:49 / All) bLinn: f10 m m
(40:54 / All) FriendlyTyler: http://highper.ch/
(40:59 / All) FriendlyTyler: tool time
(41:01 / All) COMBO-BREAKER: whats that
(44:05 / All) COMBO-BREAKER: you guys can leave now
(44:08 / All) bLinn: i think we win
(44:12 / All) FriendlyTyler: angry?
(44:15 / All) COMBO-BREAKER: how u win
(44:17 / All) piano: you mad/
(44:18 / All) piano: you mad?
(44:19 / All) bLinn: lol. u guys were talking shit earler..
(44:19 / All) FriendlyTyler: tower
(44:21 / All) bLinn: now u lose
(44:21 / All) piano: you mad?
(44:23 / All) bLinn: how embarrassing
(44:23 / All) piano: you mad?
(44:25 / All) piano: you mad?
(44:26 / All) piano: you mad?
(44:30 / All) FriendlyTyler: tyou
(44:31 / All) COMBO-BREAKER: how u win? leave plz
(44:31 / All) FriendlyTyler: mnad?
(44:43 / All) COMBO-BREAKER: leave plz
(44:46 / All) bLinn: boom boom  boom boom
(44:46 / All) COMBO-BREAKER: super mad
(44:48 / All) bLinn: i want u in my room
(45:25 / All) COMBO-BREAKER: leave plz
(45:29 / All) FriendlyTyler: bye ty
(45:31 / All) FriendlyTyler: ty and bye
(45:33 / All) bLinn: o i see what you did there
(45:43 / All) bLinn: please check http://highper.ch for all replays!
(45:45 / All) COMBO-BREAKER: i really need the win guys
(45:48 / All) FriendlyTyler: hgey 
(45:52 / All) piano: i believe you
(45:56 / All) COMBO-BREAKER: guys let me have win leave pl
(45:57 / All) COMBO-BREAKER: z
(45:59 / All) COMBO-BREAKER: zzzzzzzzzzzzz
(46:01 / All) piano: OK
(46:02 / All) COMBO-BREAKER: PLZ!!!!!!!!!!!
(46:05 / All) COMBO-BREAKER: PLZ!!!!!!!!!!
(46:13 / All) COMBO-BREAKER: leave plz i need win
(46:15 / All) bLinn: ok
(46:16 / All) bLinn: leaving now
(46:27 / All) FriendlyTyler: leaving now.....is u
(46:29 / All) COMBO-BREAKER: PLZ!!!!!!!!!!!!!!!!!!!!!!!!!!!!!!!!!!!!!
(46:29 / All) bLinn: lemme just kill a few buildings then i leave
(46:38 / All) COMBO-BREAKER: LX!!!!!!!!!!!!!!!!!!!!!!!!!!!!!!!!!
(46:43 / All) COMBO-BREAKER: PLX!!!!!!!!!!!!!!!!!!!!!!!!!!!!!!!!!!!!!!!!!!!!!!!!!!!!!!!!!!!!!!!!!!!!!!!!
(46:47 / All) COMBO-BREAKER: i need win plz
(46:50 / All) bLinn: oh.. did u hide a tree ;)?
(46:55 / All) COMBO-BREAKER: GUYZ PLZ!!!!!!!!!!!!!!!!!!!!!!!!!!!!!!!!!!!!!!!!!!!!!!!!!!!!!!!!!!!!!!!!!!!!!!!!!!!!!!!!!!!!!!!!!!!!!!!
(47:00 / All) COMBO-BREAKER: yeah because we had NE
(47:02 / All) COMBO-BREAKER: lol?
(47:03 / All) COMBO-BREAKER: PLZ
(47:05 / All) COMBO-BREAKER: LEEVE
(47:13 / All) COMBO-BREAKER: guyz leave
(47:15 / All) COMBO-BREAKER: ftw
(47:56 / All) FriendlyTyler: hammertime
(47:58 / All) COMBO-BREAKER: whyd you do that
(48:00 / All) COMBO-BREAKER: leave plzx
(48:03 / All) COMBO-BREAKER: PLIX
(48:14 / All) COMBO-BREAKER: p l z
(48:17 / All) COMBO-BREAKER: plz
(48:18 / All) COMBO-BREAKER: plz
(48:29 / All) COMBO-BREAKER: guys leave plz
(49:02 / All) bLinn: one of them has eyes
(49:06 / All) bLinn: big as jolly ranchers
(49:09 / All) bLinn: LOL